Map: Echo LE (Void)

Players

Elazer

  • Race: Zerg Zerg
  • Spawn Location: 11:00

Neeb - Winner!

  • Race: Protoss Protoss
  • Spawn Location: 5:00

Event: WESG 2016 Finals

VOD

Have the link to the VOD?

Description

Time

  • Played on: Jan. 12, 2017, 11:21 p.m.
  • Length: 7:34

All games in this series

Show
View Real Time Build Order
Export as new Build Order

Elazer Zerg 

Build Orders: Hatch First 

Get SALT Encoding   

  12  0:00  Drone  
  13  0:12  Overlord  
  13  0:17  Drone  
  14  0:30  Drone x2  
  16  0:47  Hatchery  
  15  0:50  Drone  
  15  0:54  Drone  
  17  0:57  Drone  
  18  1:04  Extractor  
  17  1:13  Spawning Pool  
  17  1:16  Drone  
  17  1:20  Drone  
  18  1:27  Drone  
  19  1:40  Overlord  
  19  1:52  Drone  
  20  2:00  Queen  
  22  2:01  Queen  
  22  2:06  Roach Warren  
  23  2:13  Zergling x4  
  25  2:19  Drone  
  25  2:22  Drone  
  27  2:23  Overlord  
  27  2:46  Roach, Hatchery  
  28  2:51  Roach  
  28  2:57  Overlord  
  29  3:12  Ravager x2  
  30  3:13  Overlord  
  30  3:18  Metabolic Boost  
  30  3:20  Drone x2  
  30  3:25  Drone x2  
  34  3:31  Drone  
  35  3:40  Drone  
  36  3:57  Hatchery  
  36  4:00  Overlord  
  36  4:01  Drone  
  36  4:03  Drone  
  37  4:12  Spore Crawler  
  36  4:18  Queen  
  38  4:24  Drone x2  
  38  4:30  Spore Crawler  
  39  4:32  Drone  
  39  4:33  Drone  
  39  4:37  Drone x2  
  43  4:39  Drone  
  41  4:49  Drone x3  
  41  4:53  Drone  
  41  4:55  Spore Crawler  
  41  4:58  Drone  
  41  5:00  Drone  
  41  5:04  Drone  
  40  5:07  Drone  
  40  5:10  Drone  
  40  5:13  Drone  
  42  5:16  Drone  
  43  5:24  Overlord  
  43  5:25  Pneumatized Carapace  
  43  5:32  Baneling Nest  
  43  5:35  Evolution Chamber  
  41  5:38  Queen  
  43  5:44  Queen  
  45  5:56  Zergling x4  
  45  5:57  Zergling x8  
  51  6:03  Zergling x6  
  52  6:11  Queen  
  52  6:17  Zergling x4  
  56  6:28  Zergling x10  
  61  6:34  Queen  
  63  6:46  Zergling x12  
  55  6:54  Zergling x4  
  55  6:58  Baneling  
  55  6:59  Baneling x7  
  57  7:02  Zergling x2  
  58  7:13  Zergling x10  
  58  7:15  Baneling  
Show
View Real Time Build Order
Export as new Build Order

Neeb Protoss - Winner!

Build Orders: Oracle Opening 

Get SALT Encoding   

  12  0:00  Probe (Chrono Boost)  
  13  0:11  Probe (Chrono Boost)  
  14  0:18  Pylon  
  14  0:22  Probe (Chrono Boost)  
  15  0:37  Probe (Chrono Boost)  
  15  0:40  Gateway  
  16  0:47  Probe (Chrono Boost)  
  17  0:51  Pylon  
  17  1:00  Forge  
  18  1:04  Probe (Chrono Boost)  
  18  1:15  Probe (Chrono Boost)  
  19  1:19  Assimilator  
  19  1:25  Probe (Chrono Boost)  
  20  1:33  Photon Cannon  
  20  1:36  Probe (Chrono Boost)  
  20  1:39  Photon Cannon  
  21  1:51  Probe (Chrono Boost)  
  22  1:56  Assimilator, Cybernetics Core  
  22  2:02  Probe (Chrono Boost)  
  23  2:10  Pylon  
  23  2:12  Probe (Chrono Boost)  
  25  2:23  Probe (Chrono Boost)  
  25  2:28  Adept  
  25  2:33  Warp Gate  
  27  2:42  Nexus  
  27  2:52  Stargate  
  27  2:56  Probe (Chrono Boost)  
  28  2:59  Adept  
  30  3:08  Probe (Chrono Boost)  
  30  3:10  Pylon  
  31  3:23  Pylon  
  31  3:33  Mothership Core (Chrono Boost)  
  33  3:36  Oracle  
  36  3:44  Pylon  
  36  3:52  Probe (Chrono Boost)  
  38  3:55  Probe (Chrono Boost)  
  38  4:05  Probe (Chrono Boost)  
  38  4:06  Probe (Chrono Boost)  
  38  4:08  Oracle  
  38  4:09  Assimilator  
  40  4:10  Assimilator  
  40  4:17  Probe x2 (Chrono Boost)  
  45  4:27  Probe (Chrono Boost)  
  45  4:29  Probe (Chrono Boost)  
  47  4:38  Probe (Chrono Boost)  
  48  4:41  Probe (Chrono Boost)  
  49  4:48  Probe (Chrono Boost)  
  51  4:53  Probe (Chrono Boost)  
  51  4:59  Probe (Chrono Boost)  
  52  5:00  Fleet Beacon  
  52  5:05  Probe (Chrono Boost)  
  52  5:06  Stargate  
  51  5:09  Probe (Chrono Boost)  
  50  5:15  Probe (Chrono Boost)  
  50  5:17  Adept  
  50  5:20  Probe (Chrono Boost)  
  50  5:21  Gateway x2  
  54  5:26  Probe (Chrono Boost)  
  55  5:30  Probe (Chrono Boost)  
  56  5:35  Nexus  
  56  5:37  Pylon  
  62  5:52  Carrier  
  68  6:06  Probe x2 (Chrono Boost)  
  70  6:18  Forge  
  70  6:20  Pylon  
  70  6:29  Pylon  
  70  6:30  Pylon  
  70  6:34  Probe (Chrono Boost)  
  70  6:36  Pylon  
  71  6:40  Probe (Chrono Boost), Adept  
  71  6:41  Adept x2  
  69  6:49  Adept x2  
  69  6:50  Adept  
  72  6:54  Pylon  
  72  7:12  Adept x2  
  72  7:14  Mothership Core (Chrono Boost)  
  76  7:21  Pylon  
  76  7:22  Pylon  
  80  7:30  Adept  
Tags
 
Add a new tag
Caveats
  • Supply blocks, unpowered buildings, or Contaminate may cause inaccurate times.
  • Supply counts are checked every 10 seconds.